 Dungeon Crawl Stone Soup version 0.27.0-1-g7a089689b8 (webtiles) character file.

Game seed: 12628799313584061366

33 hofbold the Ducker (level 3, -6/30 HPs)
             Began as a Djinni Monk on Aug 12, 2021.
             Frozen to death by an endoplasm (7 damage)
             ... on level 2 of the Dungeon.
             The game lasted 00:01:08 (1389 turns).

hofbold the Ducker (Djinni Monk)                    Turns: 1389, Time: 00:01:09

Health: -6/30      AC:  5    Str: 10    XL:     3   Next: 47%
Gold:   19         EV: 11    Int: 12    God:
                   SH:  5    Dex: 15

rFire    + + .     SeeInvis .   a - +0 spear
rCold    x . .     Faith    .   (no shield)
rNeg     . . .     Spirit   .   h - +0 ring mail
rPois    ∞         Reflect  +   (no helmet)
rElec    .         Harm     .   (no cloak)
rCorr    .         Rampage  .   (no gloves)
Will     .....                  (boots unavailable)
Stlth    +.........             g - amulet of reflection
HPRegen  0.10/turn              (no ring)
MPRegen  0.00/turn              (no ring)

@: flying
A: sickness immunity, fire resistance 2, cold vulnerability 1, float, innate
caster, hp casting, extra vitality 1
a: no special abilities


You were on level 2 of the Dungeon.
You visited 1 branch of the dungeon, and saw 2 of its levels.

You collected 19 gold pieces.

Inventory:

Hand Weapons
 a - a +0 spear (weapon)
Armour
 b - a +0 robe
 h - a +0 ring mail (worn)
Jewellery
 g - an amulet of reflection (around neck)
 i - a ring of fire
Scrolls
 e - a scroll of holy word {unknown}
Potions
 c - 2 potions of experience {unknown}
 d - a potion of degeneration {unknown}
 f - a potion of heal wounds {unknown}


   Skills:
 + Level 3.2 Fighting
 + Level 2.6 Polearms
 + Level 0.9 Armour
 + Level 3.5 Dodging
 - Level 1.5 Stealth
 * Level 1.0 Spellcasting


You had 3 spell levels left.
You knew the following spells:

 Your Spells              Type           Power      Damage    Failure   Level
a - Magic Dart            Conj           12%        1d3       45%         1
Your spell library was empty.

Dungeon Overview and Level Annotations

Branches:
Dungeon (2/15)

Altars:


Innate Abilities, Weirdness & Mutations

You are immune to sickness and miasma.
You are immune to poison.
Your flesh is very heat resistant. (rF++)
You are vulnerable to cold. (rC-)
You float through the air rather than walking.
You learn spells naturally, not from books.
Your magical power is your life essence.
You have superior vitality. (+4 HP)


Message History

You barely miss the giant cockroach. The giant cockroach barely misses you.
You closely miss the giant cockroach.
You block the giant cockroach's attack. x2
You barely miss the giant cockroach. The giant cockroach closely misses you.
You hit the giant cockroach but do no damage.
The giant cockroach bites you but does no damage.
You barely miss the giant cockroach. The giant cockroach barely misses you.
You hit the giant cockroach.
The giant cockroach is heavily wounded.
The giant cockroach bites you. The endoplasm freezes you.
You are frozen!
You feel a terrible chill!
You hit the giant cockroach.
You kill the giant cockroach!
The adder closely misses you. The endoplasm freezes you.
You are frozen.
You feel a terrible chill!
You barely miss the adder.
The adder is severely wounded.
The adder bites you but does no damage. The endoplasm closely misses you.
You barely miss the endoplasm. The adder closely misses you.
The endoplasm barely misses you.
You hit the adder.
The adder is almost dead.
You block the adder's attack. The endoplasm closely misses you.
The adder bites you but does no damage.
You hit the adder.
You kill the adder!
The endoplasm freezes you.
You are frozen!
You feel a terrible chill!
* * * LOW HITPOINT WARNING * * *
Your Spellcasting skill increases to level 1!
You completely miss the endoplasm. The endoplasm freezes you.
You are frozen.
You feel a terrible chill!
* * * LOW HITPOINT WARNING * * *
You hit the endoplasm.
The endoplasm is moderately wounded.
The endoplasm freezes you.
You are frozen!
You feel a terrible chill!
You die...

.. . #.## #.## .#.# #...###
...# ##.#. ....... ###..#
##..... ..##.#.### #.....
...#.# #.##.#.# #.#..# #.##.#
#.##.#.# #....# #.##.#
#.##.#.# ##....####J##.#
#.##.#.# #.......##@##.#
#.##.#.###
#.............####.##.#....
......!......................
#####...####.#######.........
#...# #.# #.######## #####
#.. ...# #### #####


You could see an endoplasm.

Vanquished Creatures
  An adder (D:2)
  A dart slug (D:2)
  2 ball pythons (D:1)
  3 endoplasms (D:1)
  2 giant cockroaches
  A kobold (D:1)
  3 bats
  2 frilled lizards (D:1)
  3 goblins
  4 rats
22 creatures vanquished.

Notes
Turn   | Place    | Note
-------+----------+-------------------------------------------
     0 | D:1      | hofbold the Djinni Monk began the quest for the Orb.
     0 | D:1      | Reached XP level 1. HP: 20/20 MP: 0/0
   358 | D:1      | Reached XP level 2. HP: 25/25 MP: 0/0
  1186 | D:2      | Reached XP level 3. HP: 30/30 MP: 0/0
  1186 | D:2      | Learned a level 1 spell: Magic Dart
  1386 | D:2      | Reached skill level 1 in Spellcasting
  1388 | D:2      | HP: 1/30 [frozen (3)]
  1389 | D:2      | Frozen to death by an endoplasm

Illustrated notes

Levels and vault maps discovered:
D:1:      nagdon_arrival_double_spiral, layout_basic, bh_walls_and_bars
D:2:      kennysheep_the_goblin_king, layout_loops_ring

Skill      XL: |  1  2  3 |
---------------+----------+-----
Spellcasting   | 1 |  1.0
Fighting       | |  3.2
Polearms       | |  2.6
Armour         | |  0.9
Dodging        | |  3.5
Stealth        | |  1.5

Action                   || total
-------------------------++-------
Melee: Spear             ||    88
 Stab: Sleeping          ||     8
Armor: Robe              ||     9
       Ring mail         ||     9
Dodge: Dodged            ||    49
Block: Other             ||     9
       Reflection        ||     1
